 Dungeon Crawl Stone Soup version 0.28-a0-563-gf77a47075d (webtiles) character file.

Game seed: 1574089725570683173

3075 Zenkrye the Basher (level 9, -6/67 HPs)
             Began as a Palentonga Abyssal Knight on Sept 29, 2021.
             Was a Priest of Lugonu.
             Mangled by Harold (20 damage)
             ... on level 7 of the Dungeon.
             The game lasted 00:18:51 (10169 turns).

Zenkrye the Basher (Palentonga Abyssal Knight)     Turns: 10169, Time: 00:18:51

Health: -6/67      AC: 23    Str: 18    XL:     9   Next: 58%
Magic:  2/16       EV:  5    Int: 10    God:    Lugonu [***...]
Gold:   245        SH:  0    Dex: 13    Spells: 8/8 levels left

rFire   . . .      SeeInvis +   u - +5 morningstar (vorpal)
rCold   . . .      Faith    .   (no shield)
rNeg    . . .      Spirit   .   j - +4 scale mail
rPois   .          Reflect  .   (no helmet)
rElec   .          Harm     .   t - +0 cloak
rCorr   .          Rampage  .   (no gloves)
Will    .....                   d - +1 barding {Fly}
Stlth   ..........              o - amulet of magic regeneration
HPRegen 0.21/turn               (no ring)
MPRegen 0.40/turn               (no ring)

@: lethally poisoned (-6 -> -24), flying, curled up
A: large, rugged brown scales 3, see invisible, deformed body, roll 1, armoured
tail, reflexive curl
a: Rolling Charge, Renounce Religion, Depart the Abyss, Bend Space, Banish


You were on level 7 of the Dungeon.
You worshipped Lugonu.
Lugonu was most pleased with you.
You visited 1 branch of the dungeon, and saw 7 of its levels.
You visited the Abyss 1 time.

You collected 245 gold pieces.

Inventory:

Hand Weapons
 k - a +0 hunting sling {@w2}
 l - a +3 flail of freezing
 u - a +5 vorpal morningstar (weapon)
Missiles
 c - 249 stones (quivered)
 g - 54 sling bullets
 q - a curare-tipped dart
 r - a throwing net {!f}
Armour
 b - a +0 leather armour
 d - a +1 barding of flying (worn)
 j - a +4 scale mail (worn)
 m - a +1 chain mail
 t - a +0 cloak (worn)
Jewellery
 f - a ring of fire
 o - an amulet of magic regeneration (around neck)
 y - a ring of fire
Wands
 e - a wand of paralysis (6)
 A - a wand of flame (20)
Scrolls
 a - 2 scrolls of magic mapping
 i - a scroll of identify {@r1}
 x - a scroll of teleportation {@r3}
 z - a scroll of fear {unknown}
Potions
 h - 2 potions of haste {@q3}
 n - a potion of mutation
 p - a potion of lignification
 s - a potion of resistance {@q6}
 v - a potion of cancellation {unknown}
 w - a potion of ambrosia {unknown}


   Skills:
 + Level 3.1 Fighting
 * Level 10.5 Maces & Flails
 + Level 1.7 Armour
 - Level 0.7 Dodging
 + Level 9.6 Invocations
 + Level 0.4 Evocations


You had 8 spell levels left.
You didn't know any spells.
Your spell library contained the following spells:

 Spells                   Type           Power      Damage    Failure   Level
 Beastly Appendage        Tmut           0%         N/A       77%         1
 Static Discharge         Conj/Air       0%         N/A       88%         2
 Wereblood                Tmut           0%         N/A       88%         2
 Ignite Poison            Fire/Tmut/Pois 0%         N/A       98%         3
 Mephitic Cloud           Conj/Pois/Air  0%         N/A       98%         3
 Spider Form              Tmut/Pois      0%         N/A       98%         3
 Stone Arrow              Conj/Erth      0%         3d7       98%         3
 Animate Armour           Summ/Erth      0%         N/A       100%        4
 Dispel Undead            Necr           0%         3d6       100%        4
 Sticky Flame             Conj/Fire      0%         2d3       100%        4
 Freezing Cloud           Conj/Ice/Air   0%         6-21      100%        5
 Lehudib's Crystal Spear  Conj/Erth      0%         10d2      100%        8


Dungeon Overview and Level Annotations

Branches:
Dungeon (7/15)             Temple (0/1) D:4

Altars:
Cheibriados
Fedhas
Kikubaaqudgha
Nemelex Xobeh
Ru
Wu Jian
Yredelemnul
Zin

Annotations:
D:3 3 runed translucent doors, bande's ghost, amateur GrFi
D:7 Harold
Abyss:1 Pikel


Innate Abilities, Weirdness & Mutations

You are completely covered in rugged brown scales. (AC +3, +7% HP)
You have supernaturally acute eyesight. (SInv)
Armour fits poorly on your strangely shaped body.
You can roll at nearby foes to attack.
You have a long armoured tail.
You curl defensively after being hit.


Message History

The centaur zombie barely misses you. x2
You impale the centaur zombie!!
You destroy the centaur zombie!
Lugonu accepts your kill.
No target in view!
No target in view!
Harold the Weathered comes into view.
He is wielding a +2 halberd of venom and wearing a +2 chain mail of cold resistance.
Harold shouts!
Harold throws a throwing net.
The throwing net hits you.
You become entangled in the net!
You see here a throwing net {!f}.
Press: ? - help, Shift-Dir - straight line, f - Harold
Aim: Harold, wielding a +2 halberd of venom, wearing a +2 chain mail of cold resistance and quivering 2 throwing nets (chance to affect: 57%) Harold resists with significant effort.
Press: ? - help, Shift-Dir - straight line, f/p - Harold
Aim: Harold, wielding a +2 halberd of venom, wearing a +2 chain mail of cold resistance and quivering 2 throwing nets (chance to affect: 57%) Harold resists with significant effort.
Press: ? - help, Shift-Dir - straight line, f/p - Harold
Aim: Harold, wielding a +2 halberd of venom, wearing a +2 chain mail of cold resistance and quivering 2 throwing nets (chance to affect: 57%) Harold resists with significant effort.
Harold hits you from afar with a +2 halberd of venom.
You are poisoned.
Press: ? - help, Shift-Dir - straight line, f/p - Harold
Aim: Harold, wielding a +2 halberd of venom, wearing a +2 chain mail of cold resistance and quivering 2 throwing nets (chance to affect: 57%) Harold resists with significant effort.
You feel very sick.
Harold hits you from afar with a +2 halberd of venom!
You are more poisoned.
You tear a large gash into the net.
You feel extremely sick. Harold fires a harpoon shot at you.
The harpoon shot hits you!
* * * LOW HITPOINT WARNING * * *
You are yanked forward by the harpoon shot.
You hit Harold but do no damage.
* * * LOW HITPOINT WARNING * * *
You feel very sick.
Harold considers, "I think I'll use your bounty to get a mansion in the woods..."
Harold hits you with a +2 halberd of venom!!
You die...

### #.#
##########.#
#.(........#
##########
#@########.#
.........#
#@# #. #.#
.........#
#.# #.###.#
.........#
#.# #.....#
.......###
### ###..##
.......#
##.#######
.......#
#.......#
.......#
..#.....#.#
##...###
.......##.#.#


You could see Harold.

Vanquished Creatures
  Menkaure (D:4)
  2 water moccasins
  An ice beast (D:7)
  A sky beast (D:5)
  A necrophage (D:5)
  A centaur (D:7)
  3 kobold brigands
  A bullfrog (D:7)
  5 scorpions
  3 howler monkeys
  9 wights
  A bullfrog zombie (D:6)
  A centaur zombie (D:7)
  6 orc priests
  A bullfrog skeleton (D:5)
  A gnoll shaman (D:5)
  2 hounds
  4 iguanas
  6 orc wizards
  A hound zombie (D:5)
  A mummy (D:3)
  11 gnolls
  3 adders (D:4)
  An ufetubus (D:4)
  3 worms
  A dart slug (D:2)
  18 orcs
  3 bats (D:1)
  11 endoplasms
  5 giant cockroaches
  9 hobgoblins
  5 quokkas
  4 ball pythons
  5 goblins
  22 kobolds
  6 rats
159 creatures vanquished.

Notes
Turn   | Place    | Note
-------+----------+-------------------------------------------
     0 | Abyss:1  | Zenkrye the Palentonga Abyssal Knight began the quest for
                  | the Orb.
     0 | Abyss:1  | Reached XP level 1. HP: 19/19 MP: 2/2
    24 | Abyss:1  | Found a broken altar of Ashenzari.
   116 | Abyss:1  | Noticed a small abomination
   117 | D:1      | Escaped the Abyss
   282 | D:1      | Found a faded altar of an unknown god.
   293 | D:1      | Reached XP level 2. HP: 18/25 MP: 3/3
   636 | D:1      | Reached * piety under Lugonu
  1045 | D:2      | Reached XP level 3. HP: 7/31 MP: 5/5
  1598 | D:2      | Reached skill level 3 in Maces & Flails
  1749 | D:3      | Found a runed translucent gate.
  1847 | D:3      | Found a snail-covered altar of Cheibriados.
  2046 | D:3      | Reached XP level 4. HP: 15/37 MP: 6/6
  2859 | D:3      | Found a runed translucent gate.
  2859 | D:3      | Found a runed translucent gate.
  2859 | D:3      | Noticed bande's ghost (amateur GrFi)
  3139 | D:4      | Reached XP level 5. HP: 43/43 MP: 8/8
  3153 | D:4      | Reached skill level 4 in Maces & Flails
  3236 | D:4      | Reached ** piety under Lugonu
  3409 | D:4      | Found a staircase to the Ecumenical Temple.
  3459 | D:4      | Found a glowing silver altar of Zin.
  3610 | D:4      | Found a sacrificial altar of Ru.
  3776 | D:4      | Noticed Menkaure
  3964 | D:4      | Killed Menkaure
  3965 | D:4      | Reached skill level 5 in Maces & Flails
  3965 | D:4      | Reached skill level 5 in Invocations
  3965 | D:4      | Reached XP level 6. HP: 25/50 MP: 8/10
  4170 | D:5      | Entered Level 5 of the Dungeon
  4878 | D:5      | Gained mutation: You curl defensively after being hit.
                  | [Palentonga growth]
  4878 | D:5      | Reached XP level 7. HP: 55/55 MP: 11/11
  5333 | D:5      | Found a blossoming altar of Fedhas.
  5334 | D:5      | Found an ancient bone altar of Kikubaaqudgha.
  5348 | D:5      | Reached skill level 6 in Maces & Flails
  6023 | D:5      | Reached skill level 7 in Maces & Flails
  6023 | D:5      | Reached XP level 8. HP: 55/62 MP: 13/13
  6275 | D:5      | Identified a scroll of acquirement
  6275 | D:5      | Acquired a +1 barding of flying
  6606 | D:2      | Reached *** piety under Lugonu
  7630 | D:6      | Reached skill level 8 in Maces & Flails
  8454 | D:7      | Reached skill level 9 in Maces & Flails
  8664 | D:7      | Reached XP level 9. HP: 32/67 MP: 15/15
  9509 | D:7      | Found a sparkling altar of Nemelex Xobeh.
  9543 | D:7      | Identified the +0 hand axe of the Omega Point {chaos, *Rage
                  | *Corrode rPois rC+++}
  9578 | D:7      | Noticed Pikel
  9578 | D:7      | Banished Pikel
  9579 | D:7      | Reached skill level 10 in Maces & Flails
 10074 | D:7      | Found an ornate altar of the Wu Jian Council.
 10130 | D:7      | Found a basalt altar of Yredelemnul.
 10163 | D:7      | Noticed Harold
 10169 | D:7      | Mangled by Harold

Illustrated notes

Levels and vault maps discovered:
D:1:      dpeg_arrival_tiny_a, layout_basic, chequers_ecumenical_altar_simple,
          minivault_5, minmay_tetromino_s2
D:2:      layout_loops_cross
D:3:      layout_basic, slow_altar_1, ebering_ghost_rock_garden,
          chequers_decorated_corner, minivault_11, st_stairs_13,
          chequers_serial_rivers_micro_e
D:4:      layout_rooms, zin_scriptorium, mainiacjoe_overflow_six_doors_small,
          minmay_temple_entry_junction, minivault_1, uniq_menkaure
D:5:      cheibrodos_thug_alley, layout_cave_pods,
          grunt_temple_overflow_growth_and_decay
D:6:      layout_layer_cave
D:7:      layout_basic, nemelex_spade_bored_becter,
          mainiacjoe_overflow_alcove_4, lemuel_doored_altar,
          uniq_crazy_yiuf_cottage, uniq_pikel, uniq_harold

Skill      XL: |  1  2  3  4  5  6  7  8  9 |
---------------+----------------------------+-----
Invocations    | 3 4 5 6 7 8 9 |  9.6
Maces & Flails | 3 5 7 9 10 | 10.5
Fighting       | |  3.1
Armour         | |  1.7
Dodging        | |  0.7
Evocations     | |  0.4

Action                   |  1- 3 |  4- 6 |  7- 9 || total
-------------------------+-------+-------+-------++-------
Melee: Mace              |    22 |       |       ||    22
       Tailslap          |     7 |    13 |    25 ||    45
       Flail             |    87 |   117 |   119 ||   323
       Morningstar       |       |       |   105 ||   105
 Fire: Hunting sling     |    19 |    31 |    34 ||    84
Throw: Stone             |     1 |     2 |     5 ||     8
Invok: Depart the Abyss  |     1 |       |       ||     1
       Banish            |       |       |     5 ||     5
 Abil: Rolling Charge    |     2 |     1 |    16 ||    19
  Use: Scroll            |     1 |     8 |    10 ||    19
       Potion            |       |       |     1 ||     1
Armor: Leather armour    |    27 |       |       ||    27
       Chain mail        |    41 |       |       ||    41
       Scale mail        |       |    61 |   148 ||   209
Dodge: Dodged            |    25 |    45 |    52 ||   122

Table legend: (Time is in decaauts)
 A = Elapsed time spent in this place.
 B = Non-inter-level travel time spent in this place.
 C = Inter-level travel time spent in this place.
 D = Time resting spent in this place.
 E = Time spent auto-exploring this place.
 F = Levels seen in this place.
 G = Mean time per level.
                   A        B        C        D        E       F      G
               +--------+--------+--------+--------+--------+-----+--------+
         Total |  10252 |   9866 |    386 |   1572 |   6817 |   8 | 1281.5 |
       Dungeon |  10135 |   9749 |    386 |   1572 |   6703 |   7 | 1447.9 |
         Abyss |    117 |    117 |      0 |      0 |    114 |   1 |  117.0 |
               +--------+--------+--------+--------+--------+-----+--------+

Top non-repeatable levels by time:
     D:5: 2245 daAuts
     D:7: 1644 daAuts
     D:3: 1417 daAuts
     D:4: 1351 daAuts
     D:6: 1300 daAuts
     D:2: 1214 daAuts
     D:1: 960 daAuts
 Abyss:1: 117 daAuts
